 Dungeon Crawl Stone Soup version 0.22-a0-558-gc224181 (webtiles) character file.

2751 Firecrotchwizard the Cleaver (level 9, -14/81 HPs)
             Began as a Minotaur Berserker on June 26, 2018.
             Was a High Priest of Trog.
             Demolished by an orc warrior
             ... wielding a +0 morningstar
              (18 damage)
             ... on level 7 of the Dungeon.
             The game lasted 00:14:17 (8484 turns).

Firecrotchwizard the Cleaver (Minotaur Berserker)   Turns: 8484, Time: 00:14:18

Health: -14/81     AC: 10    Str: 21    XL:     9   Next: 41%
Magic:  8/8        EV: 12    Int:  4    God:    Trog [*****.]
Gold:   307        SH:  0    Dex: 16    Spells: 8/8 levels left

rFire    . . .     SeeInvis .   a - +1 hand axe
rCold    . . .     Gourm    .   (no shield)
rNeg     . . .     Faith    .   n - +0 chain mail
rPois    .         Spirit   .   (helmet restricted)
rElec    .         Reflect  .   (no cloak)
rCorr    .         Harm     .   (no gloves)
MR       .....                  (no boots)
Stlth    ..........             (no amulet)
HPRegen  0.23/turn              (no ring)
MPRegen  0.11/turn              p - +2 ring of dexterity

@: lethally poisoned (-14 -> -15), berserk cooldown, slowed, very slow
A: retaliatory headbutt, horns 2
a: Berserk, Trog's Hand, Brothers in Arms, Renounce Religion


You were on level 7 of the Dungeon.
You worshipped Trog.
Trog was extremely pleased with you.
You were very hungry.

You visited 1 branch of the dungeon, and saw 8 of its levels.

You collected 307 gold pieces.

Inventory:

Hand Weapons
 a - a +1 hand axe (weapon)
Missiles
 l - 2 throwing nets {=f, !d}
Armour
 n - a +0 chain mail (worn)
   (You found it on level 3 of the Dungeon)
 y - the cursed +1 robe of Patterns {rF- rC++ Str+3 Dex+3, unknown}
   (You found it on level 7 of the Dungeon)

   It affects your strength (+3).
   It affects your dexterity (+3).
   It makes you vulnerable to fire.
   It greatly protects you from cold.
   It has a curse placed upon it.
Jewellery
 p - a +2 ring of dexterity (right hand)
   (You found it on level 3 of the Dungeon)
Wands
 e - a wand of paralysis (11)
   (You found it on level 2 of the Dungeon)
 q - a wand of iceblast (23)
   (You took it off Ijyb on level 3 of the Dungeon)
 x - a wand of random effects (22)
   (You found it on level 6 of the Dungeon)
 C - a wand of disintegration (17) {@e1}
   (You found it on level 7 of the Dungeon)
 F - a wand of polymorph (10)
   (You found it on level 7 of the Dungeon)
 G - a wand of acid (7)
   (You found it on level 7 of the Dungeon)
Scrolls
 b - a scroll of remove curse
 c - 4 scrolls of teleportation {unknown}
 d - 7 scrolls of identify
 f - a scroll of fog {unknown}
 h - a scroll of enchant weapon
 j - a scroll of blinking {unknown}
 k - a scroll of magic mapping {unknown}
 r - 2 scrolls of immolation {unknown}
 u - 2 scrolls of amnesia {unknown}
Potions
 i - 2 potions of invisibility
 m - a potion of lignification {unknown}
 o - 2 potions of agility {unknown}
 s - a potion of mutation {unknown}
 t - a potion of degeneration {unknown}
 v - a potion of ambrosia {unknown}
 w - 3 potions of curing
 z - a potion of heal wounds {unknown}
 A - a potion of haste
 B - a potion of cancellation {unknown}
Comestibles
 g - 6 rations {@e1}


   Skills:
 + Level 7.8 Fighting
 * Level 10.4 Axes
 + Level 7.3 Armour
 + Level 6.7 Dodging


You had 8 spell levels left.
You didn't know any spells.
Your spell library was empty.

Dungeon Overview and Level Annotations

Branches:
Dungeon (8/15)             Temple (0/1) D:6
   Lair: D:8-11

Altars:
Elyvilon
Kikubaaqudgha
Makhleb
Nemelex Xobeh
Okawaru
Vehumet
Wu Jian
Xom

Shops:
D:4 =   D:6 !

Annotations:
D:4 2 exclusions


Innate Abilities, Weirdness & Mutations

You reflexively headbutt those who attack you in melee.
You have a pair of horns on your head.


Message History

You take 1 damage, and have 87/120 hp.
You slash the orc wizard!
You kill the orc wizard!
Trog accepts your kill.
Trog appreciates your killing of a magic user.
You barely miss something. You slash the hound zombie!
You feel sick. The hound zombie bites you.
Something hits you but does no damage.
You take 3 damage, and have 84/120 hp.
You slash the hound zombie!
You destroy the hound zombie!
Trog accepts your kill.
You miss something. You slash something! Your headbutt misses something.
The orc wizard gestures at you while chanting.
The puff of flame hits you! Something hits you but does no damage.
You take 7 damage, and have 78/120 hp.
You slash something!
You feel the power of Trog in you as your rage grows.
Trog accepts your kill.
Trog appreciates your killing of a magic user.
Reactivating autopickup.
You feel a bit more experienced.
You feel sick.
The orc wizard mumbles some strange words.
The orc wizard flickers and vanishes!
Deactivating autopickup; reactivate with Ctrl-A.
You feel a strong urge to attack something.
You feel sick. The orc misses you. You furiously retaliate!
You headbutt the orc!
You kill the orc!
Trog accepts your kill.
Trog will gift you weapons as you gain piety.
An orc warrior comes into view. It is wielding a morningstar.
You take 1 damage, and have 77/121 hp.
You slash something! Your headbutt misses something. You slash something!
Trog accepts your kill.
Trog appreciates your killing of a magic user.
Reactivating autopickup.
You feel a bit more experienced.
You feel sick.
You take 1 damage, and have 76/121 hp.
An orc wizard comes into view. It is wielding a dagger of freezing.
The orc wizard shouts!
An orc comes into view.
Items here: $ )) [ † a war axe; a robe; 11 gold pieces; a mace; an orc corpse You feel a strong urge to attack something.
You feel sick.
An orc comes into view. It is wielding a war axe.
You take 1 damage, and have 76/121 hp.
You are no longer berserk.
You are exhausted.
You feel yourself slow down.
The orc shouts!
There is a stone staircase leading up here.
You now have 51/81 hp.
You feel sick.
A wight comes into view. It is wielding a halberd.
The orc wizard points at you and mumbles some strange words.
The magic dart hits you!
An orc wizard comes into view. It is wielding a dagger.
The wight moves out of view.
You take 3 damage, and have 48/81 hp.
You feel sick.
The orc wizard shouts!
The orc wizard casts a spell at you. The magic dart hits you!
The orc warrior hits you with a morningstar.
A wight comes into view. It is wielding a battleaxe of freezing.
You take 11 damage, and have 37/81 hp.
The orc hits you but does no damage.
The orc warrior hits you with a morningstar!
The orc wizard hits you but does no damage.
The orc misses you.
You climb upwards.
You feel sick.
There is a stone staircase leading down here.
You take 9 damage, and have 28/81 hp.
You hit the orc warrior.
You headbutt the orc warrior, but do no damage.
You barely miss the orc.
You feel sick.
The orc warrior hits you with a morningstar.
* * * LOW HITPOINT WARNING * * *
The orc barely misses you.
You take 6 damage, and have 22/81 hp.
You closely miss the orc warrior. You hit the orc.
The orc warrior hits you with a morningstar!
* * * LOW HITPOINT WARNING * * *
The orc closely misses you. You furiously retaliate!
You headbutt the orc!
You kill the orc!
Trog accepts your kill.
You take 12 damage, and have 10/81 hp.
You closely miss the orc warrior. Your headbutt misses the orc warrior.
The orc warrior hits you with a morningstar.
* * * LOW HITPOINT WARNING * * *
You take 6 damage, and have 4/81 hp.
You slash the orc warrior! Your headbutt misses the orc warrior.
You feel sick. The orc warrior barely misses you.
You take 1 damage, and have 3/81 hp.
You hit the orc warrior.
The orc warrior hits you with a morningstar!!
You die...

#### ######### ####### ...#
#####.......######.....###
...#####...........#....#.....#..
...................'....#.....#..
....####.####......#....#.....#..
....##.....##..)...#....#.....#..
....#.......#...@..#....#....)'..
....#.......#..o...###..#.....###
###....._......#.....#..##......#
###.#.......#..#.....#...#......#
##..#.......#..#.....'...'......#
##..##.....##..#.....#...#......#
....####.####..#.....#..>#......#
###............#.....#...#......#
..........##...#.....#...#......#


You could see an orc warrior.

Vanquished Creatures
  A hippogriff (D:7)
  Sigmund (D:4)
  A hungry ghost (D:6)
  Edmund (D:5)
  Duvessa (D:5)
  An orc warrior (D:8)
  A necrophage (D:5)
  An ice beast (D:7)
  A phantom (D:5)
  An ogre (D:3)
  2 centaurs
  A big kobold (D:7)
  A bullfrog (D:7)
  Dowan (D:5)
  A scorpion (D:4)
  A wyvern skeleton (D:7)
  4 killer bees
  3 crimson imps
  5 hounds
  A jelly (D:7)
  9 orc wizards
  A bullfrog skeleton (D:4)
  3 iguanas
  Ijyb (D:3)
  A worker ant (D:4)
  2 hound zombies (D:8)
  A worker ant zombie (D:5)
  6 gnolls (D:5)
  8 adders
  A shadow imp (D:6)
  2 oozes
  4 worms
  7 leopard geckos
  22 orcs
  A bat zombie (D:3)
  8 giant cockroaches
  10 goblins
  9 hobgoblins
  16 jackals
  4 quokkas (D:6)
  9 bats
  3 frilled lizards
  13 kobolds
  A leopard gecko skeleton (D:5)
  13 rats
  A rat zombie (D:3)
186 creatures vanquished.

Notes
Turn   | Place    | Note
-------+----------+-------------------------------------------
     0 | D:1      | Firecrotchwizard the Minotaur Berserker began the quest for the Orb.
     0 | D:1      | Reached XP level 1. HP: 19/19 MP: 0/0
   297 | D:1      | Reached XP level 2. HP: 25/27 MP: 1/1
   327 | D:1      | Reached skill level 4 in Axes
   759 | D:2      | Reached XP level 3. HP: 27/33 MP: 2/2
   776 | D:2      | Reached skill level 4 in Fighting
   800 | D:2      | Reached skill level 3 in Armour
  1955 | D:1      | Upgraded the game from 0.22-a0-553-g9358b0b to 0.22-a0-558-gc224181
  2024 | D:2      | Reached ** piety under Trog
  2405 | D:2      | Found an iron altar of Okawaru.
  2408 | D:2      | Found a shimmering altar of Xom.
  2695 | D:3      | Reached XP level 4. HP: 38/40 MP: 3/3
  3243 | D:3      | Reached skill level 3 in Dodging
  3247 | D:3      | Found an iron altar of Okawaru.
  3274 | D:3      | Reached skill level 5 in Axes
  3276 | D:3      | Noticed an ogre
  3289 | D:3      | Killed an ogre
  3289 | D:3      | Reached XP level 5. HP: 40/47 MP: 4/4
  3342 | D:3      | Noticed Ijyb
  3365 | D:3      | Killed Ijyb
  3442 | D:3      | Reached *** piety under Trog
  3452 | D:3      | Reached skill level 4 in Armour
  3789 | D:3      | Found an ancient bone altar of Kikubaaqudgha.
  4054 | D:4      | Reached XP level 6. HP: 53/55 MP: 5/5
  4096 | D:4      | Reached skill level 6 in Axes
  4112 | D:4      | Reached skill level 5 in Fighting
  4276 | D:4      | Noticed Sigmund
  4290 | D:4      | Killed Sigmund
  4290 | D:4      | Reached skill level 4 in Dodging
  4297 | D:4      | Reached XP level 7. HP: 53/61 MP: 6/6
  4526 | D:4      | Found Keos's Jewellery Emporium.
  4605 | D:4      | Reached skill level 7 in Axes
  5260 | D:5      | Entered Level 5 of the Dungeon
  5283 | D:5      | Got a shimmering robe
  5304 | D:5      | Found a burning altar of Makhleb.
  5305 | D:5      | Reached skill level 5 in Armour
  5345 | D:5      | HP: 21/93 [gnoll/halberd (3)]
  5626 | D:5      | Reached skill level 6 in Fighting
  5626 | D:5      | Reached XP level 8. HP: 64/70 MP: 7/7
  5672 | D:5      | Reached **** piety under Trog
  5672 | D:5      | Reached skill level 5 in Dodging
  5690 | D:5      | Noticed Edmund
  5705 | D:5      | Killed Edmund
  5705 | D:5      | Reached skill level 8 in Axes
  5953 | D:5      | Noticed Duvessa
  5957 | D:5      | Noticed Dowan
  5963 | D:5      | Killed Duvessa
  5966 | D:5      | Killed Dowan
  5966 | D:5      | Reached skill level 6 in Armour
  6332 | D:6      | Found Hionnir's Distillery.
  6522 | D:6      | Found a sparkling altar of Nemelex Xobeh.
  6857 | D:6      | Found a staircase to the Ecumenical Temple.
  6917 | D:6      | Reached skill level 9 in Axes
  6953 | D:6      | Received a gift from Trog
  7323 | D:7      | Reached skill level 7 in Fighting
  7419 | D:7      | Reached skill level 6 in Dodging
  7550 | D:7      | Noticed a hippogriff
  7556 | D:7      | Killed a hippogriff
  7556 | D:7      | Reached XP level 9. HP: 73/79 MP: 8/8
  7562 | D:7      | Got a warped robe
  7614 | D:7      | Found an ornate altar of the Wu Jian Council.
  8040 | D:8      | Found a radiant altar of Vehumet.
  8059 | D:8      | Reached skill level 10 in Axes
  8059 | D:8      | Reached skill level 7 in Armour
  8079 | D:8      | Noticed a death yak
  8082 | D:8      | Noticed a death yak
  8300 | D:7      | Got a brightly glowing dagger
  8416 | D:8      | Found a white marble altar of Elyvilon.
  8470 | D:8      | Reached ***** piety under Trog
  8481 | D:7      | HP: 10/81 [orc warrior/morningstar (12)]
  8482 | D:7      | HP: 4/81 [orc warrior/morningstar (6)]
  8484 | D:7      | Demolished by an orc warrior

Vault maps used:
D:1:      matt_arrival_grand_opening, serial_corexii_hall,
          corexii_hall_statues_x, corexii_hall_statues_x, glass_columns_a
D:2:      minitemple
D:3:      kennysheep_the_goblin_king, lemuel_zombie_altar_kikubaaqudgha,
          kennysheep_okawaru_gauntlet
D:4:      wad_pebble_path, serial_shops, kennysheep_mini_moat, tgw_sif,
          uniq_sigmund
D:5:      makhleb_heckhound_becter, first_ration, uniq_edmund, uniq_duvessa
D:6:      kennysheep_mini, minmay_temple_entry_glassed_door, serial_shops, shop,
          grunt_ministairs_7
D:7:      old_standard_altar
D:8:      nicolae_overflow_crystal_walls, gammafunk_temple_overflow_statue,
          dpeg_lair_monsters, basic_altar, hangedman_little_slice_of_home

Skill      XL: |  1  2  3  4  5  6  7  8  9 |
---------------+----------------------------+-----
Axes           | 4 5 6 7 9 10 | 10.4
Fighting       | 4 5 6 7 |  7.8
Armour         | 3 4 5 6 7 |  7.3
Dodging        | 3 4 6 |  6.7

Action                   |  1- 3 |  4- 6 |  7- 9 || total
-------------------------+-------+-------+-------++-------
Melee: Hand axe          |    83 |   137 |   243 ||   463
       Headbutt          |     8 |    28 |    58 ||    94
Throw: Javelin           |       |       |    26 ||    26
Invok: Trog's Hand       |       |     1 |       ||     1
       Berserk           |       |       |     3 ||     3
Evoke: Wand              |       |     2 |       ||     2
  Use: Scroll            |     4 |       |     1 ||     5
       Potion            |     2 |       |       ||     2
 Stab: Sleeping          |     1 |       |       ||     1
       Paralysed         |       |     7 |       ||     7
  Eat: Chunk             |     2 |     6 |    13 ||    21
       Ration            |     1 |       |     1 ||     2
Armor: Animal skin       |    23 |       |       ||    23
       Ring mail         |     1 |     4 |       ||     5
       Chain mail        |       |    60 |   106 ||   166
Dodge: Dodged            |    62 |    64 |   123 ||   249

Table legend:
 A = Spawn XP
 B = Non-spawn XP
 C = Spawn XP percentage of total XP
 D = Spawn monster count
 E = Non-spawn monster count
 F = Spawn count percentage of total count
 G = Total turns spent on level
                    A         B        C        D         E        F      G
               +---------+---------+-------+---------+---------+-------+---------
         Total |       0 |    3930 |   0.0 |       0 |     186 |   0.0 |  8484
               +---------+---------+-------+---------+---------+-------+---------
           D:1 |       0 |      27 |   0.0 |       0 |      15 |   0.0 |  1872
           D:2 |       0 |      69 |   0.0 |       0 |      31 |   0.0 |   798
           D:3 |       0 |     268 |   0.0 |       0 |      38 |   0.0 |  1377
           D:4 |       0 |     549 |   0.0 |       0 |      13 |   0.0 |  1213
           D:5 |       0 |    1002 |   0.0 |       0 |      29 |   0.0 |  1031
           D:6 |       0 |     462 |   0.0 |       0 |      22 |   0.0 |   964
           D:7 |       0 |     874 |   0.0 |       0 |      20 |   0.0 |  1075
           D:8 |       0 |     679 |   0.0 |       0 |      18 |   0.0 |   154
               +---------+---------+-------+---------+---------+-------+---------

Vault maps used:
D:1:      matt_arrival_grand_opening, serial_corexii_hall,
          corexii_hall_statues_x, corexii_hall_statues_x, glass_columns_a
D:2:      minitemple
D:3:      kennysheep_the_goblin_king, lemuel_zombie_altar_kikubaaqudgha,
          kennysheep_okawaru_gauntlet
D:4:      wad_pebble_path, serial_shops, kennysheep_mini_moat, tgw_sif,
          uniq_sigmund
D:5:      makhleb_heckhound_becter, first_ration, uniq_edmund, uniq_duvessa
D:6:      kennysheep_mini, minmay_temple_entry_glassed_door, serial_shops, shop,
          grunt_ministairs_7
D:7:      old_standard_altar
D:8:      nicolae_overflow_crystal_walls, gammafunk_temple_overflow_statue,
          dpeg_lair_monsters, basic_altar, hangedman_little_slice_of_home

Table legend:
 A = Turns spent in this place as a percentage of turns spent in the entire game.
 B = Non-inter-level travel turns spent in this place as a percentage of non-inter-level travel turns spent in the entire game.
 C = Inter-level travel turns spent in this place as a percentage of turns spent in this place.
 D = Turns resting spent in this place as a percentage of non-inter-level travel turns spent in this place.
 E = Turns spent auto-exploring this place as a percentage of non-inter-level travel turns spent in this place.
 F = Non-inter-level travel turns spent in this place divided by the number of levels of this place that you've seen.
                   A       B       C       D       E      F
               +-------+-------+-------+-------+-------+----------------------
         Total | 100.0 | 100.0 |   5.1 |  33.0 |  53.7 | 1006.4
       Dungeon | 100.0 | 100.0 |   5.1 |  33.0 |  53.7 | 1006.4
               +-------+-------+-------+-------+-------+----------------------

Table legend:
 A = Kills in this place as a percentage of kills in entire the game.
 B = Kills by you in this place as a percentage of kills by you in the entire game.
 C = Kills by friends in this place as a percentage of kills by friends in the entire game.
 D = Other kills in this place as a percentage of other kills in the entire game.
 E = Experience gained in this place as a percentage of experience gained in the entire game.
 F = Experience gained in this place divided by the number of levels of this place that you have seen.
                   A       B       C       D       E      F
               +-------+-------+-------+-------+-------+----------------------
         Total | 100.0 | 100.0 |   N/A |   N/A | 100.0 | 491.2
       Dungeon | 100.0 | 100.0 |   N/A |   N/A | 100.0 | 491.2
               +-------+-------+-------+-------+-------+----------------------
